 Dungeon Crawl Stone Soup version 0.20-a0-493-g19c8d8d (webtiles) character file.

56 HarleyQuinn the Cudgeler (level 3, -13/23 HPs)
             Began as a Gargoyle Monk on Jan 16, 2017.
             Killed by divine providence
             ... invoked by an orc priest
              (18 damage)
             ... on level 3 of the Dungeon.
             The game lasted 00:01:43 (2198 turns).

HarleyQuinn the Cudgeler (Gargoyle Monk)            Turns: 2198, Time: 00:01:44

Health: -13/23     AC: 12    Str: 15    XL:     3   Next: 95%
Magic:  3/3        EV:  7    Int: 10    God:
Gold:   66         SH:  0    Dex: 12    Spells: 2/2 levels left

rFire    . . .     SeeInvis .   a - +0 mace
rCold    . . .     Gourm    .   t - +0 chain mail
rNeg     + . .     Faith    .   (no shield)
rPois    ∞         Spirit   .   (no helmet)
rElec    +         Reflect  .   (no cloak)
rCorr    .         Harm     +   g - +0 pair of gloves
MR       .....                  (no boots)
Stlth    ..........             s - amulet of harm (curse)
Regen    0.1/turn               (no ring)
                                (no ring)

@: no status effects
A: negative energy resistance 1, electricity resistance, unbreathing,
petrification resistance, rot immunity, AC +3
a: no special abilities


You were on level 3 of the Dungeon.
You were not hungry.

You visited 1 branch of the dungeon, and saw 3 of its levels.

You collected 66 gold pieces.

Inventory:

Hand Weapons
 a - a +0 mace (weapon)
Armour
 g - a +0 pair of gloves (worn)
 t - a +0 chain mail (worn)
Jewellery
 s - a cursed amulet of harm (around neck)
Scrolls
 f - a scroll of fog {unknown}
 h - 4 scrolls of enchant armour {unknown}
 i - a scroll of remove curse {unknown}
 j - 3 scrolls of identify {unknown}
 k - a scroll of enchant weapon {unknown}
 l - a scroll of blinking {unknown}
 p - a scroll of magic mapping {unknown}
Potions
 b - a potion of heal wounds {unknown}
 d - 3 potions of curing {unknown}
 e - a potion of haste
 n - a potion of berserk rage {unknown}
 r - 2 potions of resistance {unknown}
Comestibles
 c - a bread ration
 m - a meat ration
 o - 2 chunks of flesh
 q - 2 fruits


   Skills:
 - Level 3.2 Fighting
 + Level 4.7 Maces & Flails
 - Level 2.4 Dodging
 - Level 2.1 Stealth


You had 2 spell levels left.
You didn't know any spells.

Dungeon Overview and Level Annotations

Branches:
Dungeon (3/15)

Altars:
Uskayaw


Innate Abilities, Weirdness & Mutations

You are resistant to torment.
Your stone body is resilient. (AC +3)
You are immune to poison.
You resist negative energy. (rN+)
You are resistant to electric shocks. (rElec)
You can survive without breathing.
You are immune to petrification.
You are immune to rotting.


Message History

You are too injured to fight recklessly!
You are too injured to fight recklessly!
You are too injured to fight recklessly!
You are too injured to fight recklessly!
You are too injured to fight recklessly!
You are too injured to fight recklessly!
You are too injured to fight recklessly!
You are too injured to fight recklessly!
You are too injured to fight recklessly!
You are too injured to fight recklessly!
You are too injured to fight recklessly!
You are too injured to fight recklessly!
You are too injured to fight recklessly!
You are too injured to fight recklessly!
The giant cockroach bites you.
* * * LOW HITPOINT WARNING * * *
The orc priest mumbles some strange prayers to Beogh against you.
Beogh smites you!
Ouch! That really hurt!
You die...

#.... #..<.
...... #..w..
#.....# .......##
....o.JS#
#.....#o####
#......@s..######
#######..........
##....#### #.#.(#
...#..##
#####...######
##..÷....#
####.##.##
#.....#####


You could see an orc priest, an ooze, an adder, a dart slug, an orc and a giant
cockroach.

Vanquished Creatures
  2 adders (D:2)
  A leopard gecko (D:2)
  An orc (D:3)
  3 giant cockroaches (D:1)
  9 hobgoblins
  2 jackals (D:1)
  3 bats
  A frilled lizard (D:3)
  5 goblins
  3 kobolds
  4 rats (D:1)
34 creatures vanquished.

Notes
Turn   | Place    | Note
-------+----------+-------------------------------------------
     0 | D:1      | HarleyQuinn the Gargoyle Monk began the quest for the Orb.
     0 | D:1      | Reached XP level 1. HP: 14/14 MP: 1/1
   330 | D:1      | Reached XP level 2. HP: 19/19 MP: 2/2
  1317 | D:2      | Reached skill level 4 in Maces & Flails
  1373 | D:2      | Reached XP level 3. HP: 22/23 MP: 3/3
  1444 | D:2      | Found a hide-covered altar of Uskayaw.
  1520 | D:2      | Found a faded altar of an unknown god.
  2198 | D:3      | Killed from afar by an orc priest

Vault maps used:
D:1:      scummos_arrival_forest, minmay_misc_feat_doors, minmay_misc_feat_room
D:2:      lemuel_doored_altar, chequers_ecumenical_altar_simple_redux

Skill      XL: |  1  2 |
---------------+-------+-----
Maces & Flails | 4 |  4.7
Fighting       | |  3.2
Dodging        | |  2.4
Stealth        | |  2.1

Action                   || total
-------------------------++-------
Melee: Mace              ||   123
 Stab: Sleeping          ||     2
  Eat: Chunk             ||     4
Armor: Robe              ||    26
       Ring mail         ||    22
       Chain mail        ||    11
Dodge: Dodged            ||   110
